[Event "Titled Tuesday Blitz March 29 Late 2022"]
[White "Jary, Sergey"]
[Black "Storey, Charles H"]
[WhiteFideId "14110350"]
[BlackFideId "406686"]
[WhiteElo "2260"]
[BlackElo "2263"]
[Result "1-0"]
[Round "03"]
[TimeControl "180+1"]
[Date "2022.03.30"]
[WhiteClock "0:00:12"]
[BlackClock "0:00:16"]

1. e4 g6 2. d4 Bg7 3. c4 c5 4. d5 e5 5. Nc3 d6 6. Be3 Nf6 7. h3 h5 8. Bd3 a6 9. Nge2 O-O 10. Qd2 Re8 11. O-O-O b5 12. cxb5 axb5 13. Bxb5 Bd7 14. Bc4 Na6 15. f3 Qa5 16. b3 Nb4 17. a4 Bc8 18. g4 h4 19. Kb2 Nd7 20. Nb5 Nb6 21. Ra1 Nxc4+ 22. bxc4 Bd7 23. Nec3 Ra6 24. Rhf1 f6 25. Kc1 g5 26. Ra3 Bf8 27. Kd1 Be7 28. Ke2 Rea8 29. Rfa1 Qd8 30. Kf1 Be8 31. Kg2 Kf7 32. Bf2 Kg6 33. Nd1 Qd7 34. Ne3 Bf8 35. Nf5 Kh7 36. Be1 Qd8 37. Qb2 Bg6 38. Bxb4 cxb4 39. Qxb4 Qb6 40. a5 Qd8 41. Ra4 Qd7 42. Qb2 Be7 43. Nc3 Bd8 44. Rb4 R8a7 45. Rb8 Bxf5 46. exf5 Bxa5 47. Ne4 Kg7 48. Rb5 Bc3 49. Rxa6 Bxb2 50. Rxa7 Qxa7 51. Rxb2 Qd4 52. Rd2 Qb6 53. c5 dxc5 54. d6 c4 55. d7 Qd8 56. Nc5 c3 57. Rc2 Kf7 58. Rxc3 Qa5 59. Rd3 Qa2+ 60. Kf1 Qb1+ 61. Ke2 Qc2+ 62. Rd2 Qc4+ 63. Kd1 Qf1+ 64. Kc2 Qc4+ 65. Kb2 Qb4+ 66. Nb3 Qb6 67. d8=Q Qxd8 68. Rxd8 e4 69. Rd1 Kg7 70. Rf1 e3 71. Re1 Kf7 72. Rxe3 Kg7 73. Re6 Kh6 74. Nd4 Kg7 75. Nc6 Kf7 76. Nd8+ Kg8 77. Kc3 Kg7 78. Kd4 Kf8 79. Kd5 Kg7 80. Nc6 Kh7 81. Kd6 Kg7 82. Ke7 Kh6 83. Rxf6+ Kh7 84. Rg6 Kh8 85. f6 Kh7 86. f7 Kh8 87. f8=Q+ Kh7 88. Qh6# 1-0


[Site "https://www.chess.com"]

[Event "Titled Tuesday Blitz March 29 Late 2022"]
[White "Jensen, Matthew R"]
[Black "Petesch, Gabriel"]
[WhiteFideId "2018110"]
[BlackFideId "2032465"]
[WhiteElo "2297"]
[BlackElo "2374"]
[Result "0-1"]
[Round "03"]
[TimeControl "180+1"]
[Date "2022.03.30"]
[WhiteClock "0:01:03"]
[BlackClock "0:00:11"]

1. d4 Nf6 2. c4 e6 3. Nc3 Bb4 4. Nf3 O-O 5. Bg5 h6 6. Bxf6 Qxf6 7. e3 b6 8. Bd3 Bb7 9. O-O Bxf3 10. Qxf3 Qxf3 11. gxf3 Nc6 12. Ne2 Be7 13. f4 Nb4 14. Be4 Rac8 15. a3 Nc6 16. Bxc6 dxc6 17. Nc3 Rfd8 18. Rad1 f6 19. Kg2 Kf7 20. Kf3 g5 21. Rg1 a6 22. h3 Rd7 23. Rg2 Rcd8 24. Rdg1 c5 25. fxg5 hxg5 26. d5 Rh8 27. Rh1 Rdd8 28. e4 Rh4 29. dxe6+ Kxe6 30. Nd5 Bd6 31. Rg4 Rdh8 32. Rxh4 Rxh4 33. Ne3 Rf4+ 34. Ke2 Rxe4 35. Kd3 Rd4+ 36. Kc2 Bf4 37. Re1 Bxe3 38. Rxe3+ Kf7 39. b3 Rf4 40. Rd3 Rxf2+ 41. Kc3 Ke7 42. b4 Re2 43. bxc5 bxc5 44. Rf3 Re5 45. Kb3 f5 46. Rg3 f4 47. Rf3 Ke6 48. Kc2 Kf5 49. a4 Re3 50. Rf1 Ke4 51. Kd2 f3 52. Rg1 Re2+ 53. Kd1 Rg2 54. Re1+ Kd3 55. Rf1 f2 56. a5 Rg1 57. Rxg1 fxg1=R# 0-1


[Site "https://www.chess.com"]

[Event "Titled Tuesday Blitz March 29 Late 2022"]
[White "Kaganskiy, Gleb"]
[Black "Sanchez Alvares, Kelvin Antonio"]
[WhiteFideId "4132025"]
[BlackFideId "3906680"]
[WhiteElo "2165"]
[BlackElo "2193"]
[Result "0-1"]
[Round "03"]
[TimeControl "180+1"]
[Date "2022.03.30"]
[WhiteClock "0:00:51"]
[BlackClock "0:01:12"]

1. e4 e5 2. Nf3 Nc6 3. Bc4 Bc5 4. b4 Bxb4 5. c3 Ba5 6. d4 exd4 7. O-O Nge7 8. cxd4 d5 9. Bb5 dxe4 10. Ne5 O-O 11. Nxc6 bxc6 12. Ba4 Be6 13. Nd2 Qxd4 14. Ba3 Bb4 15. Bxb4 Qxb4 16. Rb1 Qd4 17. Qc2 Bd5 18. Rfd1 e3 19. fxe3 Qxe3+ 20. Kh1 Qe2 21. Rg1 Ng6 22. Rbe1 Qf2 23. Bxc6 Bxc6 24. Qxc6 Qxd2 25. Qxc7 Qxa2 26. Rgf1 a5 27. Ra1 Qd5 28. Rfd1 Qe5 29. Qxe5 Nxe5 30. Rd5 Nc6 31. Rdxa5 Rxa5 32. Rxa5 Nxa5 33. Kg1 Rc8 34. Kh1 Rc1# 0-1


[Site "https://www.chess.com"]

[Event "Titled Tuesday Blitz March 29 Late 2022"]
[White "Kalavannan, Koby"]
[Black "Przybylski, Wojciech"]
[WhiteFideId "425753"]
[BlackFideId "1117599"]
[WhiteElo "1927"]
[BlackElo "2133"]
[Result "0-1"]
[Round "03"]
[TimeControl "180+1"]
[Date "2022.03.30"]
[WhiteClock "0:00:01"]
[BlackClock "0:00:07"]

1. d4 Nf6 2. c4 e6 3. g3 Bb4+ 4. Bd2 Be7 5. Bg2 O-O 6. e4 d5 7. e5 Ne8 8. cxd5 exd5 9. Nc3 c6 10. Qc2 Na6 11. a3 Be6 12. Nf3 h6 13. O-O Qd7 14. Rfd1 Bf5 15. Qb3 Rb8 16. Rac1 Nec7 17. Ne1 Ne6 18. Be3 f6 19. exf6 Bxf6 20. Qa4 Ng5 21. h4 Nf7 22. Nd3 Rbe8 23. Nc5 Nxc5 24. dxc5 Bg4 25. Rd2 Ne5 26. Kh1 Nf3 27. Rcd1 Be5 28. Ne2 Bb8 29. Rd4 Nxd4 30. Rxd4 Bxe2 31. Bxd5+ Kh8 32. Bg2 Qf5 33. Rd2 Bb5 34. Qb4 Bxg3 35. Qc3 Be5 36. Qb4 Bf6 37. Qa5 Bxh4 38. Qb4 Bg5 39. a4 Bxe3 40. fxe3 Bf1 41. Qd4 Bxg2+ 42. Rxg2 Qh5+ 43. Kg1 Rf6 44. Qd7 Qf7 45. Qd4 Rf1+ 46. Kh2 Rf5 47. Kg1 Rf8 48. Qg4 Rf6 49. Kh2 Rg8 50. e4 Re6 51. Kg3 Re5 52. Rf2 Qe7 0-1


[Site "https://www.chess.com"]

[Event "Titled Tuesday Blitz March 29 Late 2022"]
[White "Karas, Marek"]
[Black "Kadric, Denis"]
[WhiteFideId "14928558"]
[BlackFideId "14403803"]
[WhiteElo "2271"]
[BlackElo "2657"]
[Result "0-1"]
[Round "03"]
[TimeControl "180+1"]
[Date "2022.03.29"]
[WhiteClock "0:00:03"]
[BlackClock "0:01:07"]

1. d4 d6 2. Nf3 g6 3. e4 Nf6 4. Nc3 Bg7 5. h3 O-O 6. Be2 Nc6 7. Be3 a6 8. O-O e5 9. dxe5 dxe5 10. Qxd8 Rxd8 11. Rfd1 Be6 12. Rxd8+ Rxd8 13. Rd1 Rxd1+ 14. Bxd1 h6 15. Kf1 b5 16. a3 Ne8 17. Bc5 Bf8 18. Bxf8 Kxf8 19. Ne1 Ke7 20. Nd3 Kd6 21. Ke1 Nf6 22. Nb4 Nxb4 23. axb4 c5 24. bxc5+ Kxc5 25. Kd2 b4 26. Na4+ Kb5 27. b3 Nxe4+ 28. Ke3 Nc3 29. Nxc3+ bxc3 30. Be2+ Ka5 31. g4 f5 32. f4 exf4+ 33. Kxf4 fxg4 34. hxg4 Bxb3 35. Bd3 Bf7 36. Ke5 h5 37. gxh5 gxh5 38. Kd4 Kb4 39. Bxa6 Bg6 40. Be2 h4 41. Bd1 h3 42. Ke3 h2 43. Bf3 Bxc2 44. Ke2 Kc4 45. Bh1 Kd4 46. Kf2 Be4 0-1


[Site "https://www.chess.com"]

[Event "Titled Tuesday Blitz March 29 Late 2022"]
[White "Karttunen, Mika"]
[Black "Belous, Vladimir"]
[WhiteFideId "502081"]
[BlackFideId "4174003"]
[WhiteElo "2343"]
[BlackElo "2534"]
[Result "1-0"]
[Round "03"]
[TimeControl "180+1"]
[Date "2022.03.29"]
[WhiteClock "0:00:52"]
[BlackClock "0:00:43"]

1. e4 c5 2. Nf3 Nc6 3. d4 cxd4 4. Nxd4 e5 5. Nb5 d6 6. c4 g6 7. N1c3 a6 8. Na3 Be6 9. Be3 Bh6 10. Bxh6 Nxh6 11. Nc2 Ng4 12. h3 Nf6 13. Bd3 O-O 14. O-O Nh5 15. Nd5 Nf4 16. Nxf4 exf4 17. b3 Qg5 18. Kh2 h5 19. Be2 Rfe8 20. Nd4 f3 21. Nxf3 Qf4+ 22. Kg1 Qxe4 23. Bd3 Qf4 24. Qc1 Qf6 25. Qg5 Kg7 26. Qxf6+ Kxf6 27. Rfd1 d5 28. Nd2 Ne5 29. cxd5 Bxd5 30. Be4 Bc6 31. Bxc6 Nxc6 32. Nc4 Rad8 33. Nd6 Re2 34. Nxb7 Rdd2 35. Rxd2 Rxd2 36. Nc5 a5 37. Ne4+ 1-0


[Site "https://www.chess.com"]

[Event "Titled Tuesday Blitz March 29 Late 2022"]
[White "Kazmaier, Daniel"]
[Black "Szente Varga, Fruzsina"]
[WhiteFideId "2606089"]
[BlackFideId "712264"]
[WhiteElo "2396"]
[BlackElo "1994"]
[Result "0-1"]
[Round "03"]
[TimeControl "180+1"]
[Date "2022.03.30"]
[WhiteClock "0:00:52"]
[BlackClock "0:00:42"]

1. d4 Nf6 2. Bg5 d5 3. Nd2 g6 4. Bxf6 exf6 5. g3 Bg7 6. Bg2 f5 7. e3 c6 8. Ne2 O-O 9. h4 h5 10. Nf4 Be6 11. Nf3 Na6 12. Ng5 Bd7 13. Nxh5 Bh6 14. Nh3 gxh5 15. Qxh5 Qf6 16. O-O-O Rac8 17. Nf4 Be6 18. Bf3 c5 19. Nxd5 Bxd5 20. Bxd5 cxd4 21. Rxd4 Qxd4 22. Qxh6 Rxc2+ 23. Kxc2 Rc8+ 24. Kb1 Qxd5 25. Qg5+ Kf8 26. Qh6+ Ke7 27. Qg5+ Ke8 28. Qg8+ Kd7 0-1


[Site "https://www.chess.com"]

[Event "Titled Tuesday Blitz March 29 Late 2022"]
[White "Khanin, Semen"]
[Black "Sztokbant, Bernardo Vainzoff"]
[WhiteFideId "4111990"]
[BlackFideId "2115956"]
[WhiteElo "2442"]
[BlackElo "2237"]
[Result "1-0"]
[Round "03"]
[TimeControl "180+1"]
[Date "2022.03.29"]
[WhiteClock "0:02:26"]
[BlackClock "0:02:06"]

1. e4 c6 2. d4 d5 3. Nd2 dxe4 4. Nxe4 Nf6 5. Nxf6+ exf6 6. c3 Bd6 7. Bd3 O-O 8. Qd2 Re8+ 9. Ne2 Nd7 10. O-O Qc7 11. Ng3 Nf8 12. Re1 Bd7 13. Qd1 Bg4 14. Rxe8 Bxd1 15. Rxa8 Qe7 16. Be3 Bg4 17. Bf5 Bxg3 18. Bxg4 Bd6 19. Re1 g6 20. Bd2 Qc7 21. Bh6 f5 22. Ree8 1-0


[Site "https://www.chess.com"]

[Event "Titled Tuesday Blitz March 29 Late 2022"]
[White "Korchmar, Vasiliy"]
[Black "Sarana, Alexey"]
[WhiteFideId "24131750"]
[BlackFideId "24133795"]
[WhiteElo "2370"]
[BlackElo "2666"]
[Result "0-1"]
[Round "03"]
[TimeControl "180+1"]
[Date "2022.03.29"]
[WhiteClock "0:00:02"]
[BlackClock "0:00:41"]

1. d4 Nf6 2. Bf4 d5 3. e3 c5 4. Nf3 Nc6 5. Nbd2 Qb6 6. dxc5 Qxb2 7. Rb1 Qa3 8. Bb5 g6 9. O-O Bg7 10. Ne5 Qxc5 11. c4 O-O 12. Nb3 Qb6 13. Bxc6 bxc6 14. Nd4 Qa6 15. Ndxc6 dxc4 16. Nxe7+ Kh8 17. Qf3 Be6 18. Bg5 Ng8 19. Qf4 c3 20. Rb4 c2 21. Rc1 Qe2 22. Rd4 Nxe7 23. Bxe7 Rfb8 24. Rb4 0-1


[Site "https://www.chess.com"]

[Event "Titled Tuesday Blitz March 29 Late 2022"]
[White "Kosakowski, Jakub"]
[Black "Shimanov, Aleksandr"]
[WhiteFideId "1185080"]
[BlackFideId "4198603"]
[WhiteElo "2476"]
[BlackElo "2636"]
[Result "1-0"]
[Round "03"]
[TimeControl "180+1"]
[Date "2022.03.29"]
[WhiteClock "0:00:25"]
[BlackClock "0:00:11"]

1. e4 d5 2. Nc3 d4 3. Nce2 e5 4. d3 c5 5. f4 Nc6 6. Nf3 Bd6 7. g3 f6 8. Bg2 Nge7 9. O-O h6 10. Nh4 Be6 11. fxe5 Nxe5 12. Nf5 O-O 13. Nf4 Bf7 14. Bd2 Nxf5 15. exf5 Qd7 16. Be4 Rfe8 17. Qe2 c4 18. Qg2 Rac8 19. Ne6 cxd3 20. cxd3 Rc2 21. Rf2 Rxb2 22. a4 Rc8 23. Bf4 Rxf2 24. Qxf2 Bxe6 25. fxe6 Qxe6 26. Bxb7 Rc3 27. Qg2 Kh8 28. Bd5 Qe7 29. Qe4 Nxd3 30. Bxd6 Qxe4 31. Bxe4 Nb2 32. Rb1 Re3 33. Bg6 Rb3 34. Ba3 d3 35. Rxb2 Rxb2 36. Bxb2 d2 37. Bc2 1-0


[Site "https://www.chess.com"]

[Event "Titled Tuesday Blitz March 29 Late 2022"]
[White "Kosteniuk, Alexandra"]
[Black "Martinez Alcantara, Jose Eduardo"]
[WhiteFideId "4128125"]
[BlackFideId "3805662"]
[WhiteElo "2469"]
[BlackElo "2690"]
[Result "0-1"]
[Round "03"]
[TimeControl "180+1"]
[Date "2022.03.29"]
[WhiteClock "0:00:05"]
[BlackClock "0:00:07"]

1. e4 c5 2. c3 d6 3. d4 Nf6 4. Bd3 e5 5. Nf3 Qc7 6. dxe5 dxe5 7. Nbd2 Nc6 8. O-O Be7 9. Qe2 O-O 10. Nc4 h6 11. a4 Be6 12. Nh4 Na5 13. Nxa5 Qxa5 14. f4 c4 15. Bc2 exf4 16. e5 Nd5 17. Qe4 Qb6+ 18. Kh1 f5 19. exf6 Nxf6 20. Qe1 g5 21. Ng6 Rfe8 22. a5 Qd6 23. Nxf4 Bf7 24. Ne2 Bf8 25. Qf2 Bd5 26. Ng3 Bg7 27. Nf5 Ng4 28. Nxd6 Nxf2+ 29. Kg1 Red8 30. Nf5 Nd3 31. Ne7+ Kh8 32. Nxd5 Rxd5 33. Be3 Nxb2 34. Rab1 Bxc3 35. a6 Re5 36. axb7 Rb8 37. Bxa7 Rxb7 38. Bf2 Rbe7 39. Bg3 Re2 40. Bg6 Kg7 41. Bh5 Nd3 42. Bxe2 Rxe2 43. Rb7+ Kg6 44. Rb6+ Kh5 45. h3 Bd4+ 46. Kh2 Bxb6 47. Bb8 Kg6 48. Bd6 Bd4 49. Rb1 Be5+ 50. Bxe5 Nxe5 0-1


[Site "https://www.chess.com"]

[Event "Titled Tuesday Blitz March 29 Late 2022"]
[White "Kostiukov, Alexandr"]
[Black "Spata, German"]
[WhiteFideId "14108100"]
[BlackFideId "113026"]
[WhiteElo "2202"]
[BlackElo "2238"]
[Result "0-1"]
[Round "03"]
[TimeControl "180+1"]
[Date "2022.03.30"]
[WhiteClock "0:00:19"]
[BlackClock "0:00:27"]

1. g3 Nf6 2. Bg2 e6 3. d3 d5 4. e4 Be7 5. e5 Nfd7 6. Qe2 c5 7. Nf3 Nc6 8. c4 dxc4 9. dxc4 Nd4 10. Nxd4 cxd4 11. O-O O-O 12. h4 d3 13. Qe4 Qc7 14. Bf4 Rd8 15. Nc3 Nc5 16. Qf3 Qb6 17. b3 Bd7 18. Rad1 Bc6 19. Qg4 Bxg2 20. Kxg2 a6 21. Bd2 Qc6+ 22. Kh2 b5 23. b4 Nd7 24. c5 Nxe5 25. Qh5 Nf3+ 26. Kh3 Bf6 27. Nb1 g6 28. Qh6 Nxh4 29. Qf4 Qg2+ 30. Kg4 h5# 0-1


[Site "https://www.chess.com"]

[Event "Titled Tuesday Blitz March 29 Late 2022"]
[White "Koutlas, Nikolaos"]
[Black "Riff, Vincent"]
[WhiteFideId "25827138"]
[BlackFideId "617776"]
[WhiteElo "1610"]
[BlackElo "2377"]
[Result "0-1"]
[Round "03"]
[TimeControl "180+1"]
[Date "2022.03.30"]
[WhiteClock "0:00:19"]
[BlackClock "0:01:31"]

1. e4 c5 2. Nf3 Nc6 3. d4 cxd4 4. Nxd4 e5 5. Nb5 d6 6. N1c3 a6 7. Na3 b5 8. Nd5 Nge7 9. c4 Nd4 10. Bd3 Nxd5 11. exd5 Be7 12. O-O O-O 13. cxb5 f5 14. f4 e4 15. Bxe4 Nxb5 16. Nxb5 fxe4 17. Nd4 Bf6 18. Kh1 Bxd4 19. Qxd4 Re8 20. Bd2 Qf6 21. Qa4 Bb7 22. Bc3 Qf5 23. Rad1 e3 24. Qd4 Re7 25. Rde1 Qxd5 26. Qxd5+ Bxd5 27. f5 Rf8 28. Bd4 e2 29. Rf2 Bc4 30. b3 Bd3 31. f6 gxf6 32. Rxf6 Rxf6 33. Bxf6 Rf7 0-1


[Site "https://www.chess.com"]

[Event "Titled Tuesday Blitz March 29 Late 2022"]
[White "Kozina, Anastasia"]
[Black "Hnydiuk, Aleksander"]
[WhiteFideId "24174017"]
[BlackFideId "1109057"]
[WhiteElo "1993"]
[BlackElo "2374"]
[Result "0-1"]
[Round "03"]
[TimeControl "180+1"]
[Date "2022.03.30"]
[WhiteClock "0:00:16"]
[BlackClock "0:00:29"]

1. e4 Nf6 2. e5 Nd5 3. d4 d6 4. Nf3 dxe5 5. dxe5 Bg4 6. Be2 Nc6 7. O-O e6 8. Re1 Bc5 9. a3 a5 10. b3 O-O 11. Bb2 Qe7 12. Nbd2 Rad8 13. Bd3 Nf4 14. Ne4 Bb6 15. Qd2 Nxd3 16. cxd3 Bxf3 17. gxf3 Qh4 18. Ng3 Rd5 19. Re4 Qh3 20. Rg4 h6 21. Ne4 Kh8 22. Rg3 Qf5 23. Nf6 Rxd3 24. Qc1 Rxf3 25. Rxf3 Qxf3 26. Qc2 gxf6 27. exf6 Rg8+ 28. Kf1 Qg2+ 29. Ke1 Qg1+ 30. Ke2 Qxf2+ 0-1


[Site "https://www.chess.com"]

[Event "Titled Tuesday Blitz March 29 Late 2022"]
[White "Le Goff, Ronan"]
[Black "Boyer, Mahel"]
[WhiteFideId "612073"]
[BlackFideId "45102422"]
[WhiteElo "2276"]
[BlackElo "2328"]
[Result "0-1"]
[Round "03"]
[TimeControl "180+1"]
[Date "2022.03.30"]
[WhiteClock "0:00:09"]
[BlackClock "0:00:22"]

1. d4 d5 2. Nf3 Nf6 3. c3 g6 4. Bf4 Bg7 5. e3 O-O 6. h3 Nbd7 7. Be2 Re8 8. Bh2 Ne4 9. Nbd2 Nd6 10. Ne5 f6 11. Nd3 e5 12. O-O c6 13. Rc1 Qe7 14. Re1 b6 15. c4 Bb7 16. cxd5 cxd5 17. Qb3 Rac8 18. Nb4 Qe6 19. dxe5 fxe5 20. Bg4 Nf5 21. Rxc8 Rxc8 22. e4 Nc5 23. exf5 gxf5 24. Qg3 fxg4 25. hxg4 a5 26. Nd3 e4 27. Nf4 Qd6 0-1


[Site "https://www.chess.com"]

[Event "Titled Tuesday Blitz March 29 Late 2022"]
[White "Lewtak, Damian"]
[Black "Tiarks, Jann-Christian"]
[WhiteFideId "1141724"]
[BlackFideId "12951595"]
[WhiteElo "2362"]
[BlackElo "2176"]
[Result "1-0"]
[Round "03"]
[TimeControl "180+1"]
[Date "2022.03.30"]
[WhiteClock "0:02:09"]
[BlackClock "0:01:19"]

1. d4 d5 2. Nf3 e6 3. c4 Nf6 4. Nc3 Be7 5. Bf4 O-O 6. e3 b6 7. Bd3 Bb7 8. O-O Nbd7 9. Rc1 c5 10. cxd5 Nxd5 11. Nxd5 exd5 12. Ne5 Nxe5 13. Bxe5 Bd6 14. Bxd6 Qxd6 15. dxc5 bxc5 16. Qc2 Rac8 17. Bxh7+ Kh8 18. Bf5 Rc7 19. Bh3 Bc8 20. Bxc8 Rfxc8 21. Rfd1 d4 22. Qe2 Kg8 23. g3 Qe6 24. b3 dxe3 25. Qxe3 Qxe3 26. fxe3 Re7 27. Rd3 Rc6 28. Rc4 Ra6 29. a4 Rc6 30. b4 Re5 31. b5 Rf6 32. Rdc3 Rf3 33. Rxc5 Rxc5 34. Rxc5 Rxe3 35. Rc7 a6 36. bxa6 Ra3 37. a7 1-0


[Site "https://www.chess.com"]

[Event "Titled Tuesday Blitz March 29 Late 2022"]
[White "Ljukin, Sergei"]
[Black "Aravindh, Chithambaram VR."]
[WhiteFideId "14102200"]
[BlackFideId "5072786"]
[WhiteElo "2312"]
[BlackElo "2561"]
[Result "0-1"]
[Round "03"]
[TimeControl "180+1"]
[Date "2022.03.29"]
[WhiteClock "0:02:43"]
[BlackClock "0:02:52"]

1. e4 g6 2. d4 Bg7 3. Nc3 d6 4. f4 a6 5. Nf3 b5 6. Bd3 Bb7 7. O-O Nd7 8. e5 c5 9. exd6 cxd4 10. Be4 dxc3 11. Bxb7 Qb6+ 0-1


[Site "https://www.chess.com"]

[Event "Titled Tuesday Blitz March 29 Late 2022"]
[White "Mangialardo, Tiago Carvalho"]
[Black "Hoffmann, Asa"]
[WhiteFideId "2130718"]
[BlackFideId "2001470"]
[WhiteElo "2059"]
[BlackElo "2117"]
[Result "0-1"]
[Round "03"]
[TimeControl "180+1"]
[Date "2022.03.30"]
[WhiteClock "0:00:01"]
[BlackClock "0:01:34"]

1. e4 d6 2. d4 Nf6 3. Nc3 c6 4. Bd3 e5 5. Nf3 Bg4 6. Be3 Nbd7 7. Be2 Be7 8. h3 Bh5 9. Qd2 b5 10. g4 Bg6 11. dxe5 dxe5 12. O-O b4 13. Na4 Nxe4 14. Qe1 h5 15. Nh2 hxg4 16. hxg4 Bg5 17. Bxg5 Qxg5 18. f3 Qf4 19. Rf2 Nxf2 20. Qxf2 Nf6 21. Nc5 Rd8 22. Nb7 Rd2 23. Rd1 Rxh2 24. Rxd2 Rxf2 25. Rd8+ Ke7 0-1


[Site "https://www.chess.com"]

[Event "Titled Tuesday Blitz March 29 Late 2022"]
[White "Manolache, Marius"]
[Black "Lehtosaari, Mauri"]
[WhiteFideId "1201530"]
[BlackFideId "501999"]
[WhiteElo "2389"]
[BlackElo "2498"]
[Result "0-1"]
[Round "03"]
[TimeControl "180+1"]
[Date "2022.03.30"]
[WhiteClock "0:00:34"]
[BlackClock "0:00:39"]

1. d4 d5 2. Nf3 Nf6 3. Bf4 c5 4. e3 Nc6 5. Nc3 a6 6. Be2 Bg4 7. dxc5 e6 8. O-O Bxc5 9. h3 Bh5 10. a3 O-O 11. Rc1 Rc8 12. Bg5 Be7 13. Nd4 Bxe2 14. Ndxe2 b5 15. Nf4 Na5 16. Nce2 Nc4 17. Rb1 h6 18. Bxf6 Bxf6 19. Nd3 Qb6 20. Nef4 g6 21. Qe2 Bg7 22. Rfd1 Rfd8 23. Qf3 Nd6 24. g4 Rxc2 25. b4 Ne4 26. Rbc1 Rdc8 27. Nc5 Rxc1 28. Rxc1 Nxc5 29. e4 dxe4 30. Qe3 Bf8 31. Ne2 Rc7 32. bxc5 Bxc5 33. Qg3 Bd6 34. Qe3 Rxc1+ 35. Qxc1 Qc5 36. Qxh6 Qxa3 37. Qg5 Qxh3 38. Qd8+ Bf8 39. g5 Qg4+ 40. Kf1 Qf3 41. Ke1 e3 42. fxe3 Qxe3 43. Kf1 Qc5 44. Nd4 Qd6 45. Qxd6 Bxd6 46. Ke2 b4 47. Kd3 a5 48. Kc4 a4 49. Nf3 a3 50. Kb3 Kg7 51. Nd4 Bc5 52. Nc6 f6 53. Nd8 Be7 54. Nxe6+ Kf7 55. Nd4 fxg5 56. Ne2 g4 57. Nf4 Bd6 58. Ng2 g3 59. Ne3 Ke6 0-1


[Site "https://www.chess.com"]

[Event "Titled Tuesday Blitz March 29 Late 2022"]
[White "Melaugh, Shane"]
[Black "Arabidze, Meri"]
[WhiteFideId "2509580"]
[BlackFideId "13604040"]
[WhiteElo "2014"]
[BlackElo "2335"]
[Result "0-1"]
[Round "03"]
[TimeControl "180+1"]
[Date "2022.03.30"]
[WhiteClock "0:00:06"]
[BlackClock "0:00:14"]

1. e4 c6 2. d4 d5 3. exd5 cxd5 4. Bf4 Nc6 5. Nc3 Nf6 6. Nb5 e5 7. dxe5 Ne4 8. Qxd5 Bf5 9. Bc4 Qxd5 10. Nc7+ Kd7 11. Nxd5 g5 12. Be3 Nxe5 13. Bb3 Bc5 14. O-O-O Kc6 15. Bxc5 Kxc5 16. Nc7 Rad8 17. Re1 Nc6 18. Nh3 Rd7 19. Nd5 Rxd5 20. Bxd5 Kxd5 21. f3 Nf6 22. Nxg5 Nb4 23. Rd1+ Kc6 24. Nxf7 Rf8 25. Ne5+ Kb5 26. c4+ Ka4 27. a3 Na2+ 28. Kd2 Kb3 29. g4 Bc2 30. Rde1 Rd8+ 31. Ke3 Kxb2 32. g5 Nh5 33. f4 Nc3 34. Rhf1 Kxa3 35. Rc1 Kb2 36. Ra1 Nd1+ 37. Rfxd1 Rxd1 38. Rxa7 Re1+ 39. Kf3 Kc3 40. Kg4 Bd1+ 41. Kf5 Rf1 42. Rxb7 Nxf4 43. Ke4 Bc2+ 44. Ke3 Ng2+ 45. Ke2 Rf5 46. Nf3 Bd3+ 47. Kf2 Nh4 48. Kg3 Nxf3 49. h4 Nd4 50. c5 Ne2+ 51. Kg4 Rxc5 52. Ra7 Nd4 53. Kh5 Bg6+ 54. Kh6 Nf5# 0-1


[Site "https://www.chess.com"]

[Event "Titled Tuesday Blitz March 29 Late 2022"]
[White "Melkumyan, Hrant"]
[Black "Lin, Dachey"]
[WhiteFideId "13302485"]
[BlackFideId "2029650"]
[WhiteElo "2604"]
[BlackElo "2313"]
[Result "1-0"]
[Round "03"]
[TimeControl "180+1"]
[Date "2022.03.29"]
[WhiteClock "0:00:15"]
[BlackClock "0:00:03"]

1. d4 g6 2. e4 Bg7 3. Nf3 c6 4. Nc3 d5 5. h3 dxe4 6. Nxe4 Nd7 7. Bd3 Ngf6 8. Qe2 O-O 9. O-O Nxe4 10. Qxe4 Nf6 11. Qh4 Qb6 12. Re1 Be6 13. c4 Rfe8 14. b3 Rad8 15. Bh6 Bh8 16. Rad1 Qa5 17. Rd2 Qh5 18. Qf4 Qa5 19. Rde2 b5 20. d5 cxd5 21. cxb5 Ne4 22. Ng5 Bf5 23. Bxe4 dxe4 24. Nxe4 Qxb5 25. Ng3 Be6 26. Ne4 Rd1 27. Rxd1 Qxe2 28. Rd2 Qe1+ 29. Kh2 Bf5 30. Ng3 Be5 31. Qb4 Bd6 32. Qc3 Qe5 33. Qxe5 Bxe5 34. Rd5 Bd6 35. Be3 a6 36. Rd4 Be6 37. Ra4 Bc8 38. Bf4 e5 39. Ne4 Bb8 40. Nf6+ Kf8 41. Bh6+ Ke7 42. Nxe8 Kxe8 43. Be3 Bd6 44. Bc5 Bc7 45. Rc4 Be6 46. Rc1 Kd7 47. Be3 f5 48. g3 f4 49. Ba7 g5 50. Rd1+ Kc6 51. Rc1+ Kd7 52. gxf4 gxf4 53. f3 Bf5 54. Kg2 e4 55. fxe4 Bxe4+ 56. Kf2 Bd6 57. Bd4 Ke6 58. Rd1 h5 59. Rg1 Bf5 60. Rg5 h4 61. Rh5 Be7 62. Rh6+ Kd5 63. Ba7 Bxh3 64. Rxa6 Bf5 65. Ra5+ Ke6 66. Ra6+ Ke5 67. Ra5+ Ke6 68. Bc5 Bd8 69. Ra6+ Ke5 70. Rh6 h3 71. b4 Kd5 72. a4 Kc4 73. a5 Kb5 74. a6 Be4 75. a7 1-0


[Site "https://www.chess.com"]

[Event "Titled Tuesday Blitz March 29 Late 2022"]
[White "Meza, Anahi"]
[Black "Rytenko, Vsevolod"]
[WhiteFideId "111325"]
[BlackFideId "14133040"]
[WhiteElo "1968"]
[BlackElo "2120"]
[Result "1-0"]
[Round "03"]
[TimeControl "180+1"]
[Date "2022.03.30"]
[WhiteClock "0:00:03"]
[BlackClock "0:00:02"]

1. d4 d6 2. c4 Nf6 3. Nc3 g6 4. e4 Bg7 5. Be2 O-O 6. Nf3 e5 7. O-O Nc6 8. d5 Ne7 9. b4 Nh5 10. c5 f5 11. Ng5 Nf4 12. Bxf4 exf4 13. Rc1 a5 14. a3 axb4 15. axb4 Kh8 16. Nb5 Nxd5 17. exd5 Qxg5 18. Nxc7 Ra2 19. Bf3 Qf6 20. Nb5 g5 21. Nxd6 g4 22. Nxc8 gxf3 23. Qxf3 Rxc8 24. d6 Qf7 25. Rfe1 Rb2 26. Re7 Qf6 27. Qxb7 Rf8 28. c6 Qd4 29. Rf1 Rxf2 30. Ree1 Re2+ 31. Kh1 f3 32. gxf3 Rd2 33. Qe7 1-0


[Site "https://www.chess.com"]

[Event "Titled Tuesday Blitz March 29 Late 2022"]
[White "Mikhailov, Viacheslav"]
[Black "Xiong, Jeffery"]
[WhiteFideId "4187369"]
[BlackFideId "2047640"]
[WhiteElo "2381"]
[BlackElo "2727"]
[Result "0-1"]
[Round "03"]
[TimeControl "180+1"]
[Date "2022.03.29"]
[WhiteClock "0:00:32"]
[BlackClock "0:00:46"]

1. Nf3 c5 2. g3 Nc6 3. d4 cxd4 4. Nxd4 g6 5. Bg2 Bg7 6. Nxc6 bxc6 7. O-O h5 8. c4 h4 9. Nc3 Qa5 10. e4 Ba6 11. Qd3 hxg3 12. hxg3 Qb4 13. Rd1 Rd8 14. e5 Bxe5 15. Bxc6 Bxc4 16. Bxd7+ Kf8 17. Qe3 Qb7 18. Qe4 Qxe4 19. Nxe4 Be2 20. Bg5 Bf3 21. Bh4 Bxe4 22. Bh3 Rxd1+ 23. Rxd1 g5 24. Re1 gxh4 25. Rxe4 hxg3 0-1


[Site "https://www.chess.com"]

[Event "Titled Tuesday Blitz March 29 Late 2022"]
[White "Milanovic, Marko"]
[Black "Tanenbaum, Zachary"]
[WhiteFideId "980129"]
[BlackFideId "2060850"]
[WhiteElo "2159"]
[BlackElo "2168"]
[Result "1-0"]
[Round "03"]
[TimeControl "180+1"]
[Date "2022.03.30"]
[WhiteClock "0:00:47"]
[BlackClock "0:00:07"]

1. e4 e5 2. Nf3 Nc6 3. Bc4 Nf6 4. d3 Be7 5. c3 O-O 6. O-O d5 7. exd5 Nxd5 8. Nbd2 a6 9. a4 Nb6 10. Re1 Nxc4 11. Nxc4 f6 12. Be3 Bf5 13. d4 e4 14. d5 exf3 15. dxc6 Bd3 16. Qb3 Qd5 17. cxb7 Rab8 18. Nd2 Qxb3 19. Nxb3 Rxb7 20. Nc5 Bxc5 21. Bxc5 Rd8 22. b4 fxg2 23. Rad1 c6 24. a5 Rbd7 25. Bb6 Bc4 26. Bxd8 Rb7 27. Bb6 Kf7 28. Kxg2 1-0


[Site "https://www.chess.com"]